 Dungeon Crawl Stone Soup version 0.30-a0-883-g5ad918d77d (webtiles) character file.

Game seed: 5317269757022141066

70 lunkers the Cudgeller (level 4, -2/23 (36) HPs)
             Began as a Meteoran Reaver on Mar 17, 2023.
             Slain by an ogre
             ... wielding a +0 giant spiked club
              (20 damage)
             ... on level 3 of the Dungeon.
             The game lasted 00:02:10 (900 turns).

lunkers the Cudgeller (Meteoran Reaver)              Turns: 900, Time: 00:02:10

HP:   -2/23 (36)    AC:  5    Str: 16    XL:     4   Next: 74%
MP:   9/9           EV: 11    Int: 14    God:
Gold: 94            SH:  0    Dex: 12    Spells: 7/8 levels left

rFire   . . .      SeeInvis .    a - +0 mace
rCold   . . .      Faith    .    (no shield)
rNeg    . . .      Spirit   .    d - +0 ring mail
rPois   .          Reflect  .    (no helmet)
rElec   .          Rampage  .    (no cloak)
rCorr   .                        (no gloves)
Will    .....                    (no boots)
Stlth   +                        (no amulet)
HPRegen 0.23/turn                (no ring)
MPRegen 0.11/turn                (no ring)

@: glowing, very heavily drained
A: sense surroundings 1, otherworldly, glowing, explore regen
a: no special abilities


You were on level 3 of the Dungeon.
You visited 1 branch of the dungeon, and saw 3 of its levels.

You collected 94 gold pieces.

Inventory:

Hand Weapons
 a - a +0 mace (weapon)
 i - a +2 antimagic whip
Armour
 b - a +0 leather armour
 d - a +0 ring mail (worn)
Scrolls
 c - 2 scrolls of identify {unknown}
 e - a scroll of torment {unknown}
 f - a scroll of butterflies {unknown}
 g - a scroll of noise {unknown}
 j - a scroll of amnesia {unknown}
Potions
 h - a potion of haste {unknown}


   Skills:
 - Level 2.1 Fighting
 + Level 6.6 Maces & Flails
 - Level 2.4 Dodging
 - Level 2.6 Spellcasting
 - Level 3.6 Conjurations


You had 7 spell levels left.
You knew the following spells:

 Your Spells              Type           Power      Damage    Failure   Level
p - Kiss of Death         Conj/Necr      24%        2d7       21%         1

Your spell library contained the following spells:

 Spells                   Type           Power      Damage    Failure   Level
 Momentum Strike          Conj/Tloc      12%        3d8       30%         2
 Hailstorm                Conj/Ice       6%         3d4       52%         3


Dungeon Overview and Level Annotations

Branches:
Dungeon (3/15) Zot: 886

Altars:


Innate Abilities, Weirdness & Mutations

You passively map a small area around you.
You are easily found by Zot.
You glow in the dark.
You regain HP and MP as you explore.


Message History

The negative energy hits Terence.
Terence is drained!
You kill Terence!
You feel drained.
Unknown command.
Unknown command.
Things that are here:
a +0 falchion; a +0 chain mail
There is a huge open gate here.
Found a stone staircase leading up.
You are too injured to fight recklessly!
Found a stone staircase leading down.
No target in view!
No target in view!
No target in view!
There is a stone staircase leading down here.
There is a stone staircase leading down here.
You climb downwards.
Reactivating autopickup.
There is a stone staircase leading up here.
An ogre comes into view. It is wielding a +0 giant spiked club.
Found a scroll labelled TIUCOLA VIAMM.
The ogre shouts!
You sock the ogre!
The ogre is moderately wounded.
The ogre hits you with a +0 giant spiked club.
You barely miss the ogre.
The ogre is moderately wounded.
You hit the ogre.
The ogre is heavily wounded.
The ogre closely misses you.
You completely miss the ogre.
The ogre is heavily wounded.
The ogre barely misses you.
You thump the ogre!
The ogre is almost dead.
You barely miss the ogre.
The ogre is almost dead.
The ogre hits you with a +0 giant spiked club!!
Ouch! That really hurt!
You die...

###### #....#
###.##.#
#...##.#######
#.####..@O?..#
#.# #######.#
, #.# #...<#
#.# #.####> *
* #.#####.# *,
#.......# * ,*
######### ,*
** ***+ ** , ,
,,, *


You could see an ogre.

Vanquished Creatures
  Terence (D:2)
  An adder (D:2)
  A gnoll (D:2)
  An orc (D:2)
  2 endoplasms
  2 goblins (D:1)
  3 hobgoblins
  3 jackals (D:1)
  4 kobolds
  3 ball pythons
  A bat (D:1)
  A frilled lizard (D:2)
  A rat (D:2)
24 creatures vanquished.

Notes
Turn   | Place    | Note
-------+----------+-------------------------------------------
     0 | D:1      | lunkers the Meteoran Reaver began the quest for the Orb.
     0 | D:1      | Reached XP level 1. HP: 17/17 MP: 5/5
   109 | D:1      | Reached XP level 2. HP: 20/24 MP: 6/6
   186 | D:1      | Reached skill level 5 in Maces & Flails
   278 | D:2      | Reached XP level 3. HP: 25/29 MP: 8/8
   316 | D:2      | Found a faded altar of an unknown god.
   634 | D:2      | Reached skill level 6 in Maces & Flails
   634 | D:2      | Reached XP level 4. HP: 17/30 MP: 9/9
   731 | D:2      | Noticed Terence
   793 | D:2      | Killed Terence
   892 | D:3      | Noticed an ogre
   900 | D:3      | Slain by an ogre

Illustrated notes

Levels and vault maps discovered:
D:1:      minmay_arrival_wavy_path, layout_basic, minmay_tetromino_i2
D:2:      minmay_razor_zed, layout_basic,
          hellmonk_ecumenical_altar_heavens_door, uniq_terence
D:3:      layout_basic, serial_shops, shop, uniq_sigmund

Skill      XL: |  1  2  3 |
---------------+----------+-----
Maces & Flails | 5 6 |  6.6
Fighting       | |  2.1
Dodging        | |  2.4
Spellcasting   | |  2.6
Conjurations   | |  3.6

Action                     |  1- 3 |  4- 6 || total
---------------------------+-------+-------++-------
  Melee: Mace              |    75 |    23 ||    98
   Cast: Kiss of Death     |     2 |     2 ||     4
 Armour: Leather armour    |     5 |       ||     5
         Ring mail         |    27 |     1 ||    28
  Dodge: Dodged            |    37 |    11 ||    48

Table legend: (Time is in decaauts)
 A = Elapsed time spent in this place.
 B = Non-inter-level travel time spent in this place.
 C = Inter-level travel time spent in this place.
 D = Time resting spent in this place.
 E = Time spent auto-exploring this place.
 F = Levels seen in this place.
 G = Mean time per level.
                   A        B        C        D        E       F      G
               +--------+--------+--------+--------+--------+-----+--------+
         Total |    912 |    897 |     15 |      0 |    621 |   3 |  304.0 |
       Dungeon |    912 |    897 |     15 |      0 |    621 |   3 |  304.0 |
               +--------+--------+--------+--------+--------+-----+--------+

Top non-repeatable levels by time:
     D:2: 603 daAuts
     D:1: 273 daAuts
     D:3: 35 daAuts
